 Dungeon Crawl Stone Soup version 0.19-a0-526-gbe2e51c (webtiles) character file.

5697 st0uf the Ducker (level 10, -2/84 HPs)
             Began as a Red Draconian Skald on June 7, 2016.
             Was a Follower of Uskayaw.
             Slain by a killer bee (4 damage)
             ... on level 7 of the Dungeon.
             The game lasted 01:17:23 (10527 turns).

st0uf the Ducker (Red Draconian Skald)             Turns: 10527, Time: 01:17:24

Health: -2/84      AC:  8    Str: 22    XL:     10   Next: 47%
Magic:  16/17      EV: 13    Int: 13    God:    Uskayaw [*.....]
Gold:   215        SH: 10    Dex: 11    Spells: 5 memorised, 8 levels left

rFire  + . .     SeeInvis .     J - +1 morningstar
rCold  . . .     Gourm    .     (armour unavailable)
rNeg   . . .     Faith    .     g - +0 shield
rPois  .         Spirit   .     (helmet restricted)
rElec  .         Dismiss  .     (no cloak)
rCorr  +         Reflect  .     (no gloves)
SustAt .         Harm     .     y - +0 pair of boots (curse)
MR     .....                    p - amulet of regeneration
Stlth  +.........               N - ring of resist corrosion
                                h - +5 ring of strength

@: lethally poisoned (-2 -> -5), short of breath, infused, not resistant to
hostile enchantments, very unstealthy
A: breathe fire, unfitting armour, fire resistance 1, cold-blooded, AC +7
a: Breathe Fire, Stomp, Renounce Religion


You were on level 7 of the Dungeon.
You worshipped Uskayaw.
Uskayaw was aware of your devotion.
You were not hungry.

You visited 2 branches of the dungeon, and saw 11 of its levels.
You also visited: Sewer.

You collected 386 gold pieces.
You spent 171 gold pieces at shops.

Inventory:

Hand Weapons
 J - a +1 morningstar (weapon)
 T - a +0 flail of crushing
Armour
 g - a +0 shield (worn)
 y - a cursed +0 pair of boots (worn)
Jewellery
 h - a +5 ring of strength (left hand)
 p - an amulet of regeneration (around neck)
 N - a ring of resist corrosion (right hand)
 Q - an uncursed ring of protection from cold {unknown}
Wands
 o - a wand of polymorph (10/24)
 A - a wand of hasting (2/9)
 F - a wand of lightning (14/15)
 M - a wand of digging (9/24)
 R - a wand of enslavement (10/24)
 S - a wand of enslavement (11/24)
 U - a wand of iceblast (11/15)
Scrolls
 e - 3 scrolls of magic mapping
 j - 2 scrolls of enchant weapon
 k - a scroll of immolation
 m - 4 scrolls of remove curse
 n - 2 scrolls of random uselessness {unknown}
 w - a scroll of recharging {unknown}
 x - 8 scrolls of identify
 E - 4 scrolls of fog {unknown}
 G - 2 scrolls of teleportation {unknown}
 I - a scroll of fear {unknown}
 K - a scroll of torment {unknown}
 L - 2 scrolls of blinking {unknown}
 O - a scroll of summoning {unknown}
 P - a scroll of silence {unknown}
Potions
 i - 2 potions of resistance
 q - 2 potions of lignification {unknown}
 r - a potion of ambrosia
 s - 3 potions of brilliance
 t - 2 potions of heal wounds
 v - a potion of might
 B - a potion of cure mutation
 D - 2 potions of curing
 H - 3 potions of flight
 X - a potion of haste
Books
 b - a book of Battle

   Spells                             Type                      Level
   a - Infusion                       Charms                       1
   b - Shroud of Golubria             Charms/Translocation         2
   c - Song of Slaying                Charms                       2
   d - Spectral Weapon                Hexes/Charms                 3
   e - Regeneration                   Charms/Necromancy            3
 z - a book of Air

   Spells                             Type                      Level
   a - Shock                          Conjuration/Air              1
   b - Swiftness                      Charms/Air                   2
   c - Repel Missiles                 Charms/Air                   2
   d - Static Discharge               Conjuration/Air              3
   e - Lightning Bolt                 Conjuration/Air              5
 C - a Necronomicon

   Spells                             Type                      Level
   a - Haunt                          Necromancy/Summoning         7
   b - Borgnjor's Revivification      Necromancy                   8
   c - Death's Door                   Charms/Necromancy            8
   d - Necromutation                  Transmutation/Necromancy     8
Comestibles
 a - 2 beef jerkies
 c - 3 bread rations
 d - 8 meat rations
 f - 3 royal jellies
 u - 2 slices of pizza
 V - 12 chunks of flesh
 W - 3 fruits


   Skills:
 + Level 6.5 Fighting
 + Level 6.3 Maces & Flails
 + Level 7.6 Dodging
 + Level 5.4 Shields
 - Level 5.0 Spellcasting
 - Level 5.0 Charms
 + Level 2.6 Necromancy
 + Level 0.4 Translocations
 * Level 5.1 Invocations


You had 8 spell levels left.
You knew the following spells:

 Your Spells              Type           Power        Failure   Level  Hunger
a - Infusion              Chrm           ###.         10%         1    None
b - Song of Slaying       Chrm           ###.....     14%         2    ##.....
c - Shroud of Golubria    Chrm/Tloc      ##........   38%         2    ##.....
d - Spectral Weapon       Hex/Chrm       #.......     77%         3    ###....
e - Regeneration          Chrm/Necr      ##........   38%         3    ###....


Dungeon Overview and Level Annotations

Branches:
Dungeon (10/15)            Temple (1/1) D:4
   Lair: D:8-11         Orc: D:9-12

Altars:
Ashenzari
Cheibriados
Dithmenos
Elyvilon
Fedhas
Gozag
Hepliaklqana
Kikubaaqudgha
Makhleb
Nemelex Xobeh
Okawaru
Pakellas
Qazlal
Ru
Sif Muna
Trog
Uskayaw
Vehumet
Xom
Yredelemnul
Zin
The Shining One
Jiyva

Shops:
D:5 [!?(

Annotations:
D:4 exclusions: 4 doors and 3 more exclusions
D:8 Joseph
D:10 Psyche


Innate Abilities, Weirdness & Mutations

You can breathe blasts of fire.
Your fiery red scales are hard. (AC +7)
Your body does not fit into most forms of armour.
Your flesh is heat resistant. (rF+)
You are cold-blooded and may be slowed by cold attacks.


Message History

Enchant which weapon? (? for menu, Esc to quit)
Your +0 morningstar glows red for a moment.
You feel sick. You block the killer bee's attack. x2
The killer bee closely misses you. The killer bee stings you!
* * * LOW HITPOINT WARNING * * *
An orc priest comes into view. It is wielding a mace.
As you read the scroll labeled PIYCKA YW HIY, it crumbles to dust.
The creatures around you are filled with an inner flame!
It was a scroll of immolation.
You feel sick. You block the killer bee's attack.
The killer bee closely misses you. x2
The killer bee barely misses you.
As you read the scroll labeled OBEK ZIDUSA, it crumbles to dust.
You hear a loud clanging noise!
It was a scroll of noise.
You feel sick. The killer bee stings you!
* * * LOW HITPOINT WARNING * * *
You block the killer bee's attack. The killer bee stings you.
* * * LOW HITPOINT WARNING * * *
You are lethally poisoned!
The killer bee poisons you! The killer bee stings you.
You die...

........#..[....#.....#
........#.......#.....#
#########.......#.....#
#........#.....#
#........#.....#
#........#.o...#..y
#........oo.†.......
##......yy#####.....
########@# .... ### ...
o. .


You could see 2 killer bees, an orc priest (inner flame) and 2 orcs.

Vanquished Creatures
  The ghost of Xiguana the Grappler, a novice VSMo of Cheibriados (D:9)
  A centaur skeleton (D:7)
  A wyvern (D:9)
  6 yaks (D:7)
  2 hippogriffs (D:7)
  2 black bears
  A sky beast (D:9)
  3 ice beasts
  5 ogres
  5 centaurs
  2 big kobolds (Sewer)
  A giant frog (D:8)
  A scorpion (D:6)
  7 killer bees
  2 crimson imps (D:5)
  2 quasits
  4 hounds
  2 giant frog zombies
  3 jellies
  6 orc wizards
  4 orc priests
  2 gnoll shamans (D:4)
  2 iguanas
  5 worker ants
  A hound skeleton (D:4)
  Robin (D:4)
  18 adders
  38 gnolls
  4 river rats (Sewer)
  2 shadow imps
  6 oozes
  2 adder skeletons
  3 worms
  2 dart slugs
  4 giant geckos
  26 orcs
  9 giant cockroaches
  9 goblins
  7 hobgoblins
  17 jackals
  10 kobolds
  4 quokkas
  5 ball pythons
  A ball python skeleton (D:4)
  6 bats
  A giant gecko skeleton (D:4)
  5 giant newts
  6 rats
257 creatures vanquished.

Notes
Turn   | Place    | Note
--------------------------------------------------------------
     0 | D:1      | st0uf the Draconian Skald began the quest for the Orb.
     0 | D:1      | Reached XP level 1. HP: 17/17 MP: 3/3
   103 | D:1      | Reached XP level 2. HP: 20/24 MP: 0/5
   381 | D:1      | Reached skill level 2 in Dodging
   822 | D:2      | Reached XP level 3. HP: 29/29 MP: 6/6
  1351 | D:2      | Reached XP level 4. HP: 23/37 MP: 2/7
  2420 | D:3      | Reached XP level 5. HP: 42/42 MP: 3/9
  2531 | D:3      | Reached skill level 1 in Shields
  2612 | D:3      | Found a bloodstained altar of Trog.
  2615 | D:3      | Found an iron altar of Okawaru.
  2722 | D:3      | Found an ancient bone altar of Kikubaaqudgha.
  3453 | D:4      | Reached skill level 3 in Dodging
  3455 | D:4      | Reached XP level 6. HP: 28/50 MP: 1/10
  3677 | D:4      | Found a staircase to the Ecumenical Temple.
  3686 | Temple   | Entered the Ecumenical Temple
  3757 | Temple   | Became a worshipper of Uskayaw the Reveler
  3907 | D:4      | Reached * piety under Uskayaw
  4042 | D:4      | Noticed Robin
  4135 | D:4      | Reached ** piety under Uskayaw
  4140 | D:4      | Killed Robin
  4803 | D:4      | Your scales start taking on a fiery red colour.
  4803 | D:4      | Reached XP level 7. HP: 18/57 MP: 5/12
  4803 | D:4      | Gained mutation: Your flesh is heat resistant. (rF+) [Red Draconian growth]
  4803 | D:4      | Reached *** piety under Uskayaw
  4814 | D:4      | Learned a level 2 spell: Song of Slaying
  4817 | D:4      | Learned a level 2 spell: Shroud of Golubria
  4821 | D:4      | Learned a level 3 spell: Spectral Weapon
  4825 | D:4      | Learned a level 3 spell: Regeneration
  5125 | D:4      | Reached skill level 4 in Dodging
  5310 | D:4      | Reached skill level 1 in Necromancy
  5944 | D:5      | Entered Level 5 of the Dungeon
  5962 | D:5      | Reached XP level 8. HP: 35/67 MP: 10/13
  5992 | D:5      | Found a burning altar of Makhleb.
  5997 | D:5      | Found a glowing silver altar of Zin.
  5997 | D:5      | Noticed a blizzard demon
  5997 | D:5      | Noticed an angel
  6242 | D:5      | Found Jotwyet's Antique Armour Emporium.
  6263 | D:5      | Found a glowing drain.
  6280 | D:5      | Found Erist's Magic Scroll Shop.
  6311 | D:5      | Bought a scroll of magic mapping for 49 gold pieces
  6311 | D:5      | Bought a scroll of identify for 28 gold pieces
  6311 | D:5      | Bought a scroll of identify for 28 gold pieces
  6327 | Sewer    | Entered a sewer
  6606 | Sewer    | Gained mutation: You have sharp toenails. [potion of beneficial mutation]
  6611 | Sewer    | Lost mutation: You have sharp toenails. [potion of cure mutation]
  6622 | Sewer    | Reached skill level 5 in Dodging
  6713 | D:5      | Found Dadus's Food Shop.
  6843 | D:5      | Found Veclonump's Distillery.
  6846 | D:5      | Bought a potion of mutation for 30 gold pieces
  6846 | D:5      | Bought a potion of curing for 36 gold pieces
  6929 | D:5      | Found Raitegg's Weapon Shop.
  7101 | D:5      | Reached skill level 5 in Fighting
  7418 | D:5      | Reached skill level 1 in Invocations
  7625 | D:6      | Reached XP level 9. HP: 69/74 MP: 15/15
  7651 | D:6      | Found a sparkling altar of Nemelex Xobeh.
  7741 | D:6      | Reached skill level 5 in Maces & Flails
  7806 | D:6      | Found an oddly glowing altar of Pakellas.
  8202 | D:6      | Found a white marble altar of Elyvilon.
  8632 | D:7      | Reached skill level 6 in Dodging
  8729 | D:7      | You fall through a shaft for 3 floors!
  8729 | D:10     | Entered Level 10 of the Dungeon
  8810 | D:10     | Noticed Psyche
  8923 | D:8      | Noticed Joseph
  9639 | D:8      | Found a shadowy altar of Dithmenos.
  9709 | D:8      | Reached skill level 5 in Spellcasting
  9745 | D:8      | Found a snail-covered altar of Cheibriados.
  9767 | D:9      | Noticed Xiguana's ghost (novice VSMo)
  9798 | D:9      | Killed Xiguana's ghost
  9798 | D:9      | Reached skill level 7 in Dodging
  9798 | D:9      | Reached skill level 5 in Shields
  9798 | D:9      | Reached skill level 5 in Charms
  9798 | D:9      | Reached XP level 10. HP: 19/83 MP: 17/17
 10201 | D:7      | Found a deep blue altar of Sif Muna.
 10323 | D:7      | Reached **** piety under Uskayaw
 10326 | D:7      | Reached ***** piety under Uskayaw
 10335 | D:7      | Reached skill level 5 in Invocations
 10402 | D:7      | Found a basalt altar of Yredelemnul.
 10402 | D:7      | Found a shattered altar of Ashenzari.
 10404 | D:7      | Found a sacrificial altar of Ru.
 10407 | D:7      | Found a stormy altar of Qazlal.
 10527 | D:7      | HP: 2/84 [killer bee (4)]
 10527 | D:7      | Slain by a killer bee

Vault maps used:
D:1:      lightli_arrival_quake, kennysheep_minor_cross, minmay_misc_feat_cross,
          corexii_hall_statues_x
D:2:      first_bread
D:3:      nicolae_overflow_hidden_temple, overflow_temple_1_default,
          eino_curves_03
D:4:      lemuel_castle_with_subvaults, temple_statues, uniq_robin
D:5:      kennysheep_six_static_rooms, grunt_temple_overflow_order_and_chaos_2,
          gup_sewer_entry_glass, serial_shops, nicolae_shop_trees,
          kennysheep_mini_moat, shop, shop, shop
D:6:      elyvilon_altar_4, old_standard_altar, basic_altar
D:7:      kennysheep_little_box, minitemple
D:8:      marbit_many_paths, nicolae_overflow_crystal_walls, erik_lair_dragon,
          uniq_joseph
D:10:     serial_shops, nicolae_shop_behind_doors, nicolae_shop_crystal, shop,
          shop, nicolae_shop_behind_doors, uniq_psyche
Temple:   pf_slimified_temple
Sewer:    sewer_co_15_rooms

Skill      XL: |  1  2  3  4  5  6  7  8  9 10 |
---------------+-------------------------------+-----
Charms         | 3 4 5 |  5.0
Dodging        | 2 3 4 5 7 |  7.6
Shields        | 1 2 4 5 |  5.4
Spellcasting   | 3 4 5 |  5.0
Maces & Flails | 3 4 5 6 |  6.3
Fighting       | 3 4 5 6 |  6.5
Necromancy     | 1 2 |  2.6
Invocations    | 1 3 5 |  5.1
Translocations | |  0.4

Action                   |  1- 3 |  4- 6 |  7- 9 | 10-12 || total
-------------------------+-------+-------+-------+-------++-------
Melee: Mace              |    97 |   303 |   345 |       ||   745
       Tailslap          |     6 |    31 |    67 |    12 ||   116
       Morningstar       |       |       |   186 |    87 ||   273
 Cast: Infusion          |    11 |    34 |    40 |     5 ||    90
       Regeneration      |       |       |    37 |     7 ||    44
       Song of Slaying   |       |       |     2 |     2 ||     4
       Shroud of Golubri |       |       |     2 |       ||     2
Invok: Stomp             |       |       |     1 |       ||     1
 Abil: Breathe Fire      |       |       |    15 |     3 ||    18
  Use: Scroll            |     1 |       |     5 |     3 ||     9
       Potion            |       |       |    12 |     1 ||    13
 Stab: Sleeping          |       |     1 |     2 |       ||     3
       Paralysed         |       |       |     4 |     3 ||     7
  Eat: Chunk             |     2 |    12 |    27 |     4 ||    45
Armor: Skin              |    40 |    97 |   146 |    26 ||   309
Dodge: Dodged            |    59 |   163 |   292 |    94 ||   608
Block: Shield            |    20 |   126 |   244 |    72 ||   462
